 Dungeon Crawl Stone Soup version 0.23-a0-172-g8f65603 (webtiles) character file.

280 snuffychallenge the Sneak (level 6, -1/35 HPs)
             Began as a Kobold Assassin on Sept 15, 2018.
             Slain by an ice beast (12 damage)
             ... on level 5 of the Dungeon.
             The game lasted 00:11:39 (3346 turns).

snuffychallenge the Sneak (Kobold Assassin)         Turns: 3346, Time: 00:11:40

Health: -1/35      AC:  4    Str: 10    XL:     6   Next: 52%
Magic:  6/6        EV: 16    Int: 13    God:
Gold:   237        SH:  0    Dex: 16    Spells: 5/5 levels left

rFire    + . .     SeeInvis .   a - +2 dagger
rCold    . . .     Gourm    .   (shield restricted)
rNeg     . . .     Faith    .   c - +0 robe
rPois    .         Spirit   .   (no helmet)
rElec    .         Reflect  .   d - +1 cloak
rCorr    .         Harm     .   (no gloves)
MR       .....                  (no boots)
Stlth    ++++......             (no amulet)
HPRegen  0.11/turn              i - ring of protection from fire
MPRegen  0.10/turn              (no ring)

@: no status effects
A: small, carnivore
a: no special abilities


You were on level 5 of the Dungeon.
You were completely stuffed.

You visited 1 branch of the dungeon, and saw 5 of its levels.

You collected 237 gold pieces.

Inventory:

Hand Weapons
 a - a +2 dagger (weapon)
 b - a +0 blowgun
 s - a cursed -3 dagger
   (You took it off a goblin on level 2 of the Dungeon)
Missiles
 f - 3 curare-tipped needles {!f}
 g - 6 poisoned needles
 j - 112 stones (quivered)
Armour
 c - a +0 robe (worn)
 d - a +1 cloak (worn)
Jewellery
 i - a ring of protection from fire (left hand)
   (You found it on level 3 of the Dungeon)
 z - an uncursed ring of ice
   (You found it on level 3 of the Dungeon)
Scrolls
 h - 3 scrolls of teleportation {@r4}
 l - a scroll of magic mapping
 n - 2 scrolls of fog
 o - 2 scrolls of fear {unknown}
 q - a scroll of enchant armour
 u - a scroll of immolation {unknown}
 w - 3 scrolls of amnesia {unknown}
 A - 3 scrolls of enchant weapon {unknown}
 B - a scroll of remove curse {@r2}
Potions
 k - a potion of heal wounds {unknown}
 m - a potion of might {unknown}
 p - a potion of cancellation {unknown}
 r - 2 potions of curing {unknown}
 t - a potion of haste {unknown}
 v - 2 potions of brilliance {unknown}
 x - a potion of resistance {unknown}
 C - a potion of degeneration {unknown}
 D - a potion of ambrosia {unknown}
 E - a potion of berserk rage {unknown}
 F - a potion of lignification {unknown}
Comestibles
 e - 7 rations {!d}


   Skills:
 + Level 2.1 Fighting
 + Level 4.7 Short Blades
 + Level 4.0 Throwing
 + Level 3.8 Dodging
 + Level 6.8 Stealth


You had 5 spell levels left.
You didn't know any spells.
Your spell library was empty.

Dungeon Overview and Level Annotations

Branches:
Dungeon (5/15)
 Temple: D:4-7

Altars:


Innate Abilities, Weirdness & Mutations

You are small and have problems with some larger weapons.
You are carnivorous and can eat meat at any time.


Message History

You open the door.
There is an open door here.
You open the door.
An ice beast comes into view.
Found 13 gold pieces.
There is an open door here.
Here: an ice beast The floor.
Quiver which item? (- for none, * to show all) (? for menu, Esc to quit)
Quivering
y - 4 exploding tomahawks for throwing.
Throwing (i - inventory. (/) - cycle)
y - 4 exploding tomahawks (quivered)
Aim: an ice beast You throw an exploding tomahawk.
The exploding tomahawk hits the ice beast.
The exploding tomahawk explodes!
The explosion of tomahawk fragments engulfs the ice beast.
Throwing (i - inventory. (/) - cycle)
y - 3 exploding tomahawks (quivered)
Aim: an ice beast (moderately wounded)
You throw an exploding tomahawk.
The exploding tomahawk hits the ice beast but does no damage.
The exploding tomahawk explodes!
The explosion of tomahawk fragments engulfs the ice beast.
Throwing (i - inventory. (/) - cycle)
y - 2 exploding tomahawks (quivered)
Aim: an ice beast (heavily wounded)
You throw an exploding tomahawk.
The exploding tomahawk closely misses the ice beast.
The exploding tomahawk explodes!
Throwing (i - inventory. (/) - cycle)
y - an exploding tomahawk (quivered)
Aim: an ice beast (heavily wounded)
You throw an exploding tomahawk.
The exploding tomahawk hits the ice beast!
The exploding tomahawk explodes!
The explosion of tomahawk fragments engulfs the ice beast.
You barely miss the ice beast. You hit the ice beast but do no damage.
The ice beast hits you. The ice beast freezes you!
You hit the ice beast but do no damage.
The ice beast hits you but does no damage.
You completely miss the ice beast. The ice beast misses you.
You hit the ice beast. The ice beast completely misses you.
You barely miss the ice beast. You barely miss the ice beast.
The ice beast hits you. The ice beast freezes you.
* * * LOW HITPOINT WARNING * * *
You hit the ice beast but do no damage.
A giant cockroach comes into view.
The ice beast hits you.
* * * LOW HITPOINT WARNING * * *
The ice beast freezes you!
You die...

######### #.......#
####### #.#####.#
....... #####'#####.#
....... #.##.....##.#
....... #........##.#
$......###.#......##.#
......Y@.#.#.#.....#.#
.......#...#.#####.#.###
.......##..#.. .#....
....... #s.### #####
##+#+## #..# #..# #..#
##.# .#


You could see an ice beast and a giant cockroach (wandering).

Vanquished Creatures
  An ogre (D:4)
  A bullfrog zombie (D:5)
  2 worker ants (D:4)
  3 adders
  An ooze (D:1)
  2 worms
  3 dart slugs (D:1)
  2 leopard geckos
  6 orcs (D:3)
  5 bats
  4 giant cockroaches
  9 goblins
  8 hobgoblins
  4 jackals (D:1)
  7 kobolds
  2 ball pythons
  4 frilled lizards
  A quokka zombie (D:5)
  7 rats
72 creatures vanquished.

Notes
Turn   | Place    | Note
-------+----------+-------------------------------------------
     0 | D:1      | snuffychallenge the Kobold Assassin began the quest for the
                  | Orb.
     0 | D:1      | Reached XP level 1. HP: 12/12 MP: 1/1
   158 | D:1      | You fall through a shaft!
   161 | D:2      | Reached XP level 2. HP: 17/17 MP: 2/2
   507 | D:1      | Reached XP level 3. HP: 16/21 MP: 3/3
  1147 | D:1      | Reached XP level 4. HP: 26/26 MP: 4/4
  1777 | D:2      | Reached skill level 6 in Stealth
  2332 | D:3      | Reached XP level 5. HP: 30/30 MP: 5/5
  2956 | D:4      | Noticed an ogre
  2976 | D:4      | Killed an ogre
  2976 | D:4      | Reached XP level 6. HP: 35/35 MP: 6/6
  3278 | D:5      | Entered Level 5 of the Dungeon
  3278 | D:5      | Noticed a water moccasin
  3334 | D:5      | Noticed an ice beast
  3346 | D:5      | Slain by an ice beast

Vault maps used:
D:1:      roderic_octagonal_star
D:3:      first_ration
D:5:      minmay_temple_entry_from_below_a, uniq_crazy_yiuf_cottage,
          uniq_blork_the_orc

Skill      XL: |  1  2  3  4  5  6 |
---------------+-------------------+-----
Short Blades   | 3 4 |  4.7
Dodging        | 2 3 |  3.8
Throwing       | 3 4 |  4.0
Stealth        | 6 |  6.8
Fighting       | |  2.1

Action                   |  1- 3 |  4- 6 || total
-------------------------+-------+-------++-------
Melee: Dagger            |    91 |   127 ||   218
 Fire: Blowgun           |     6 |    26 ||    32
Throw: Stone             |       |     6 ||     6
       Tomahawk          |       |     4 ||     4
  Use: Scroll            |       |     7 ||     7
 Stab: Sleeping          |    12 |    11 ||    23
  Eat: Chunk             |     9 |     7 ||    16
Armor: Robe              |    11 |    11 ||    22
Dodge: Dodged            |    64 |    63 ||   127

Table legend:
 A = Non-vault XP
 B = Vault XP
 C = Vault XP percentage of total XP
 D = Non-vault monster count
 E = Vault monster count
 F = Vault count percentage of total count
                 A         B        C        D         E       F
            +---------+---------+-------+---------+---------+-------
      Total |     401 |       0 |   0.0 |      72 |       0 |   0.0
            +---------+---------+-------+---------+---------+-------
        D:1 |      62 |       0 |   0.0 |      29 |       0 |   0.0
        D:2 |      47 |       0 |   0.0 |      14 |       0 |   0.0
        D:3 |      60 |       0 |   0.0 |      23 |       0 |   0.0
        D:4 |     185 |       0 |   0.0 |       4 |       0 |   0.0
        D:5 |      47 |       0 |   0.0 |       2 |       0 |   0.0
            +---------+---------+-------+---------+---------+-------
